 Dungeon Crawl Stone Soup version 0.30-a0-219-gf2db51d15e (webtiles) character file.

Game seed: 17867053242876404459

52 Flugkiller the Stinger (level 3, -1/23 HPs)
             Began as an Octopode Wanderer on Oct 7, 2022.
             Succumbed to an adder's poison
             ... in a sewer.
             The game lasted 00:02:38 (1568 turns).

Flugkiller the Stinger (Octopode Wanderer)          Turns: 1568, Time: 00:02:39

Health: -1/23      AC:  1    Str:  8    XL:     3   Next: 85%
Magic:  5/7        EV: 12    Int: 19    God:
Gold:   102        SH:  0    Dex: 11    Spells: 5/8 levels left

rFire   . . .      SeeInvis .    f - +1 dagger (elec)
rCold   . . .      Faith    .    (no shield)
rNeg    . . .      Spirit   .    (helmet restricted)
rPois   .          Reflect  .    (no amulet)
rElec   .          Harm     .    (no ring)
rCorr   .          Rampage  .    (no ring)
Will    .....                    (no ring)
Stlth   ++........               (no ring)
HPRegen 0.23/turn                (no ring)
MPRegen 0.10/turn                (no ring)
                                 (no ring)
                                 (no ring)

@: lethally poisoned (-1 -> -13)
A: almost no armour, amphibious, 8 rings, camouflage 1, gelatinous body 1,
(nimble swimmer 1), tentacles
a: no special abilities


You were in a sewer.
You visited 1 branch of the dungeon, and saw 3 of its levels.
You also visited: Sewer.

You collected 102 gold pieces.

Inventory:

Hand Weapons
 a - a +0 dagger
 f - a +1 dagger of electrocution (weapon)
   (You took it off a kobold on level 1 of the Dungeon)
Jewellery
 j - a ring of flight
   (You found it on level 2 of the Dungeon)
Wands
 c - a wand of flame (3) (quivered)
Scrolls
 b - a scroll of fear
 e - a scroll of magic mapping
 g - a scroll of vulnerability {unknown}
 h - a scroll of brand weapon {unknown}
 i - a scroll of identify {unknown}
 n - a scroll of blinking {unknown}
 o - a scroll of summoning {unknown}
Potions
 d - 2 potions of brilliance {unknown}
 k - a potion of cancellation
 l - a potion of flight {unknown}
 m - a potion of heal wounds {unknown}


   Skills:
 + Level 1.0 Fighting
 + Level 0.1 Dodging
 + Level 3.0 Spellcasting
 - Level 2.0 Conjurations
 - Level 6.0 Poison Magic
 - Level 2.1 Evocations


You had 5 spell levels left.
You knew the following spells:

 Your Spells              Type           Power      Damage    Failure   Level
a - Sting                 Tmut/Pois      56%        1d5       4%          1
b - Poisonous Vapours     Pois/Air       28%        N/A       7%          2

Your spell library contained the following spells:

 Spells                   Type           Power      Damage    Failure   Level
 Foxfire                  Conj/Fire      24%        2x1d5     10%         1
 Spider Form              Tmut/Pois      14%        N/A       13%         3
 Stone Arrow              Conj/Erth      12%        3d7       30%         3


Dungeon Overview and Level Annotations

Branches:
Dungeon (3/15) Zot: 16573   Sewer (1/1) Zot: 5858

Altars:


Innate Abilities, Weirdness & Mutations

You cannot wear most types of armour.
You are amphibious.
You can wear up to eight rings at the same time.
Your skin changes colour to match your surroundings (Stealth+).
Your rubbery body absorbs attacks. (AC +1, EV +1)
((You are camouflaged when in or above water. (Stealth+)))
You have tentacles for arms and can constrict up to eight enemies at once.


Message History

Magic restored.
Things that are here:
a +0 dagger; a kobold corpse; an adder corpse No target in view!
No target in view!
You see here a rat corpse.
A ball python comes into view.
The ball python hisses angrily.
A ball python is nearby!
A ball python is nearby!
Casting: Sting (safe; 4% risk of failure)
Confirm with . or Enter, or press ? or * to list all spells.
Aiming: Sting (safe; 4% risk of failure)
Press: ? - help, Shift-Dir - straight line, f - ball python
Aim: a ball python (68% to hit)
The sting hits the ball python.
The ball python is poisoned.
You kill the ball python!
Casting: Sting (safe; 4% risk of failure)
Confirm with . or Enter, or press ? or * to list all spells.
You can't see any susceptible monsters within range! (Use Z to cast anyway.)
You see here a ball python corpse.
A worm comes into view.
A worm is nearby!
Casting: Sting (safe; 4% risk of failure)
Confirm with . or Enter, or press ? or * to list all spells.
You can't see any susceptible monsters within range! (Use Z to cast anyway.)
Casting: Sting (safe; 4% risk of failure)
Confirm with . or Enter, or press ? or * to list all spells.
You can't see any susceptible monsters within range! (Use Z to cast anyway.)
An adder comes into view.
Casting: Sting (safe; 4% risk of failure)
Confirm with . or Enter, or press ? or * to list all spells.
Aiming: Sting (safe; 4% risk of failure)
Press: ? - help, Shift-Dir - straight line, f - worm
Aim: a worm (wandering, hasn't noticed you, 90% to hit)
The sting hits the worm.
The worm is poisoned.
The worm is lightly wounded.
Casting: Sting (safe; 4% risk of failure)
Confirm with . or Enter, or press ? or * to list all spells.
Aiming: Sting (safe; 4% risk of failure)
Press: ? - help, Shift-Dir - straight line, f/p - worm
Aim: a worm (moderately wounded, poisoned, 90% to hit)
The sting misses the worm.
Casting: Sting (safe; 4% risk of failure)
Confirm with . or Enter, or press ? or * to list all spells.
Aiming: Sting (safe; 4% risk of failure)
Press: ? - help, Shift-Dir - straight line, f/p - worm
Aim: a worm (moderately wounded, poisoned, 90% to hit)
The sting hits the worm.
The worm looks even sicker.
The worm is heavily wounded.
Casting: Sting (safe; 4% risk of failure)
Confirm with . or Enter, or press ? or * to list all spells.
You can't see any susceptible monsters within range! (Use Z to cast anyway.)
You kill the worm!
You start resting.
Magic restored.
You see here a worm corpse.
n - a scroll labelled WAFIUCVUFOMN
o - a scroll labelled NUPLEHULOY The adder bites you.
You are poisoned.
The adder poisons you!
Casting: Sting (safe; 4% risk of failure)
Confirm with . or Enter, or press ? or * to list all spells.
Aiming: Sting (safe; 4% risk of failure)
Press: ? - help, Shift-Dir - straight line, f - adder
Aim: an adder (53% to hit)
The sting hits the adder.
The adder is poisoned.
The adder is lightly wounded.
You feel sick. The adder bites you.
You feel sick. The adder bites you.
You are more poisoned.
The adder poisons you!
You feel very sick. The adder barely misses you.
Casting: Sting (safe; 4% risk of failure)
Confirm with . or Enter, or press ? or * to list all spells.
Aiming: Sting (safe; 4% risk of failure)
Press: ? - help, Shift-Dir - straight line, f/p - adder
Aim: an adder (moderately wounded, poisoned, 53% to hit)
You miscast Sting.
You are very lightly contaminated with residual magic.
Nothing appears to happen.
* * * LOW HITPOINT WARNING * * *
You feel sick. The adder bites you.
* * * LOW HITPOINT WARNING * * *
You are more poisoned.
The adder poisons you!
Unknown command.
You miss the adder. Your grab misses the adder.
The adder is moderately wounded.
* * * LOW HITPOINT WARNING * * *
You feel very sick. The adder bites you.
* * * LOW HITPOINT WARNING * * *
You are more poisoned.
The adder poisons you!
It was a potion of cancellation.
You feel magically purged.
Your magical contamination has completely faded away.
You die...

~. #≈# #≈# #≈# #≈# #≈# #≈#
#≈# # ##≈## ##≈## #..
##~~.## ##.~.##
....~####....~#####~.~~.##
...~.~~~S@...~≈≈≈≈≈~.∩..~~
..~~.####.....#####~~.∩~#
#.. ##..~## ##.)~## #
##~## ##~## #~# #~# #†#
#~# ##~## ##†## ##~.~##
##~..## #~....#####..~~~#


You could see an adder (poisoned).

Vanquished Creatures
  2 adders
  3 worms
  2 endoplasms
  2 goblins
  2 hobgoblins (D:2)
  2 kobolds
  2 quokkas
  3 ball pythons
  3 frilled lizards
  7 rats
28 creatures vanquished.

Notes
Turn   | Place    | Note
-------+----------+-------------------------------------------
     0 | D:1      | Flugkiller the Octopode Wanderer began the quest for the
                  | Orb.
     0 | D:1      | Flugkiller set off with the following items: a +0 dagger, a
                  | scroll of fear, a wand of flame (3); and the following
                  | spells available to memorise: Sting, Poisonous Vapours,
                  | Foxfire, Spider Form, Stone Arrow.
     0 | D:1      | Reached XP level 1. HP: 11/11 MP: 2/2
     2 | D:1      | Learned a level 1 spell: Sting
    98 | D:1      | Found a faded altar of an unknown god.
   436 | D:2      | Reached skill level 1 in Fighting
   436 | D:2      | Reached XP level 2. HP: 18/18 MP: 2/4
   932 | D:2      | Reached XP level 3. HP: 23/23 MP: 3/6
  1369 | D:3      | Found a glowing drain.
  1393 | D:3      | Learned a level 2 spell: Poisonous Vapours
  1426 | Sewer    | Entered a sewer
  1568 | Sewer    | Succumbed to an adder's poison

Illustrated notes

Levels and vault maps discovered:
D:1:      dreamdust_arrival_beginning_and_end, layout_basic,
          chequers_ecumenical_altar_twisty
D:2:      layout_basic, serial_glass, glass_columns_b, glass_columns_c,
          due_unseen_surprise, feat_on_display, minmay_strange_pillars,
          item_on_display_a
D:3:      layout_basic, gammafunk_temple_overflow_elements, serial_shops,
          nicolae_shop_trees, cheibrodos_sewer_entry_bend
Sewer:    sewer_co_15_rooms

Skill      XL: |  1  2  3 |
---------------+----------+-----
Fighting       | 1 |  1.0
Spellcasting   | 2 3 |  3.0
Dodging        | |  0.1
Conjurations   | |  2.0
Poison Magic   | |  6.0
Evocations     | |  2.1

Action                   || total
-------------------------++-------
Melee: Dagger            ||    16
       Tentacles         ||     3
       Constrict         ||     2
 Cast: Sting             ||    47
  Use: Scroll            ||     1
       Potion            ||     1
 Stab: Sleeping          ||     1
Armor: Skin              ||     3
Dodge: Dodged            ||    16

Table legend: (Time is in decaauts)
 A = Elapsed time spent in this place.
 B = Non-inter-level travel time spent in this place.
 C = Inter-level travel time spent in this place.
 D = Time resting spent in this place.
 E = Time spent auto-exploring this place.
 F = Levels seen in this place.
 G = Mean time per level.
                   A        B        C        D        E       F      G
               +--------+--------+--------+--------+--------+-----+--------+
         Total |   1568 |   1520 |     48 |    307 |    847 |   4 |  392.0 |
       Dungeon |   1426 |   1378 |     48 |    235 |    836 |   3 |  475.3 |
         Sewer |    141 |    141 |      0 |     72 |     11 |   1 |  141.0 |
               +--------+--------+--------+--------+--------+-----+--------+

Top non-repeatable levels by time:
     D:2: 730 daAuts
     D:1: 488 daAuts
     D:3: 207 daAuts
   Sewer: 141 daAuts
